 Dungeon Crawl Stone Soup version 0.25.0-1-g7eea58d (webtiles) character file.

Game seed: 11686879791097623184

991 bogs101 the Thaumaturge (level 7, -1/36 HPs)
             Began as a Deep Elf Wizard on June 23, 2020.
             Shot with an arrow by a centaur (14 damage)
             ... on level 5 of the Dungeon.
             The game lasted 00:38:27 (5853 turns).

bogs101 the Thaumaturge (Deep Elf Wizard)           Turns: 5853, Time: 00:38:28

Health: -1/36      AC:  4    Str:  4    XL:     7   Next: 98%
Magic:  11/22      EV: 13    Int: 25    God:
Gold:   208        SH:  0    Dex: 13    Spells: 17/25 levels left

rFire    . . .     SeeInvis .   v - +2 dire flail (vorpal)
rCold    . . .     Gourm    .   (shield currently unavailable)
rNeg     . . .     Faith    .   a - +0 robe
rPois    .         Spirit   .   m - +1 helmet
rElec    .         Reflect  .   (no cloak)
rCorr    .         Harm     .   (no gloves)
MR       .....                  (no boots)
Stlth    +++.......             (no amulet)
HPRegen  0.12/turn              (no ring)
MPRegen  0.18/turn              (no ring)

@: no status effects
A: no striking features
a: no special abilities


You were on level 5 of the Dungeon.
You were not hungry.

You visited 2 branches of the dungeon, and saw 6 of its levels.

You collected 208 gold pieces.

Inventory:

Hand Weapons
 p - a +1 dagger of speed
 v - a +2 vorpal dire flail (weapon)
 y - a +2 vampiric trident
Missiles
 f - 46 arrows
 n - 2 throwing nets
 o - 6 boomerangs (quivered)
 s - 2 silver boomerangs
 z - 9 poisoned darts
Armour
 a - a +0 robe (worn)
 b - a +0 hat
 m - a +1 helmet (worn)
Jewellery
 l - a +6 ring of dexterity {unknown}
 q - an uncursed ring of protection from fire {unknown}
 x - an uncursed ring of fire {unknown}
Wands
 t - a wand of iceblast (8)
Scrolls
 e - 4 scrolls of identify {unknown}
 i - a scroll of remove curse {unknown}
 j - a scroll of enchant armour {unknown}
 k - a scroll of random uselessness {unknown}
 r - a scroll of blinking {unknown}
 w - 2 scrolls of magic mapping {unknown}
 A - a scroll of teleportation {unknown}
Potions
 c - a potion of magic {unknown}
 g - a potion of curing {unknown}
 h - 3 potions of berserk rage {unknown}
 u - a potion of heal wounds
Comestibles
 d - 8 rations


   Skills:
 - Level 2.4 Dodging
 - Level 5.8 Stealth
 * Level 9.6 Spellcasting
 * Level 5.3 Conjurations
 - Level 1.1 Summonings
 - Level 1.1 Translocations


You had 17 spell levels left.
You knew the following spells:

 Your Spells              Type           Power        Failure   Level  Hunger
a - Magic Dart            Conj           ####         1%          1    None
b - Blink                 Tloc           N/A          4%          2    None
c - Call Imp              Summ           ###.....     4%          2    None
d - Mephitic Cloud        Conj/Pois/Air  ###.....     8%          3    None

Your spell library contained the following spells:

 Spells                   Type           Power        Failure   Level  Hunger
 Conjure Flame            Conj/Fire      ####....     4%          3    None
 Slow                     Hex            ##......     8%          2    None


Dungeon Overview and Level Annotations

Branches:
Dungeon (5/15)             Temple (1/1) D:5

Altars:
Ashenzari
Dithmenos
Elyvilon
Fedhas
Hepliaklqana
Kikubaaqudgha
Makhleb
Nemelex Xobeh
Okawaru
Trog
Uskayaw
Vehumet
Wu Jian
Xom
Zin
The Shining One

Shops:
D:5 [

Annotations:
D:3 exclusions: downstairs and 3 orc wizards
D:4 Menkaure


Message History

Aiming: Mephitic Cloud (dangerous; 8% risk of failure)
Press: ? - help, Shift-Dir - straight line The ball explodes into a vile cloud!
The stinking cloud engulfs the centaur but does no damage.
The centaur is heavily wounded.
The stinking cloud engulfs your crimson imp but does no damage.
Your crimson imp barely misses the centaur.
The centaur shoots an arrow.
The arrow hits you!
Casting: Mephitic Cloud (dangerous; 8% risk of failure)
Confirm with . or Enter, or press ? or * to list all spells.
Aiming: Mephitic Cloud (dangerous; 8% risk of failure)
Press: ? - help, Shift-Dir - straight line The ball explodes into a vile cloud!
The stinking cloud engulfs the centaur but does no damage.
The centaur is heavily wounded.
The stinking cloud engulfs your crimson imp but does no damage.
Your crimson imp blinks!
The centaur is engulfed in noxious fumes.
The centaur shoots an arrow.
The arrow hits you!
You die...

##.....<........#........##
.#...#.....##.......##.#..####
....####..###..........#...#.####
...## #.####.##..######......##.
..#### #.. #...#...####..##......
.....###. ##..#..##.............
#........# ##.................#..
..........##Ā°...#.....###.....#..
...........ā—‹ā—‹..(@###..#_'.....#..
.........%#cā—‹......#..####....#..
......... ##...##.##.....##.....#
#....... #...##..#<..)........#
...........#...#........#.......#
......./......#.........#####....
..............#..#####..# #....
.............##..## #..# #..##
..........####....# ###.## #.##.


You could see a centaur.

Vanquished Creatures
  A sky beast (D:5)
  2 phantoms (D:5)
  A howler monkey (D:4)
  2 vampire bats (D:3)
  A bullfrog zombie (D:5)
  A crimson imp (D:4)
  A jelly (D:5)
  2 gnolls
  An adder (D:3)
  A worm (D:5)
  A dart slug (D:1)
  6 orcs
  3 bat skeletons (D:3)
  8 goblins
  6 hobgoblins
  3 jackals
  4 kobolds
  3 ball pythons
  5 bats
  3 frilled lizards
  6 rats
61 creatures vanquished.

Vanquished Creatures (collateral kills)
  Edmund (D:4)
  An ice beast (D:5)
  A sky beast (D:5)
  An orc warrior (D:4)
  A scorpion (D:4)
  A howler monkey (D:5)
  A vampire bat (D:3)
  A bullfrog zombie (D:5)
  A centaur skeleton (D:5)
  A gnoll shaman (D:5)
  An orc priest (D:5)
  An orc wizard (D:4)
  Natasha (thrice) (D:4)
  A worker ant (D:5)
  A hound zombie (D:5)
  6 gnolls
  4 adders
  2 shadow imps
  An ooze (D:3)
  2 worms
  2 leopard geckos
  4 orcs
  A bat zombie (D:3)
  2 giant cockroaches (D:3)
  2 goblins
  2 hobgoblins (D:5)
  4 jackals
  A bat (D:3)
  A kobold (D:3)
  A rat (D:3)
52 creatures vanquished.

Grand Total: 113 creatures vanquished

Notes
Turn   | Place    | Note
-------+----------+-------------------------------------------
     0 | D:1      | bogs101 the Deep Elf Wizard began the quest for the Orb.
     0 | D:1      | Reached XP level 1. HP: 10/10 MP: 7/7
   234 | D:1      | Found a sparkling altar of Nemelex Xobeh.
   337 | D:1      | Reached XP level 2. HP: 15/15 MP: 5/9
   510 | D:1      | Reached skill level 5 in Spellcasting
  1152 | D:1      | Learned a level 2 spell: Blink
  1155 | D:1      | Learned a level 2 spell: Call Imp
  1578 | D:2      | Reached XP level 3. HP: 19/19 MP: 6/11
  1835 | D:2      | Found a shimmering altar of Xom.
  2674 | D:3      | Found a blossoming altar of Fedhas.
  2806 | D:3      | Found an ancient bone altar of Kikubaaqudgha.
  2812 | D:3      | Reached skill level 6 in Spellcasting
  2812 | D:3      | Reached XP level 4. HP: 24/24 MP: 3/14
  2894 | D:3      | Reached skill level 5 in Stealth
  2894 | D:3      | Reached XP level 5. HP: 25/28 MP: 9/15
  3523 | D:4      | Noticed Menkaure
  3595 | D:4      | Reached skill level 7 in Spellcasting
  3661 | D:4      | Noticed Natasha
  3675 | D:4      | Killed Natasha
  3703 | D:4      | Noticed Natasha
  3717 | D:4      | Killed Natasha
  3758 | D:4      | Reached XP level 6. HP: 32/32 MP: 12/18
  3762 | D:4      | Noticed Edmund
  3793 | D:4      | Killed Edmund
  3821 | D:4      | Noticed an orc warrior
  4030 | D:4      | Killed an orc warrior
  4030 | D:4      | Reached skill level 8 in Spellcasting
  4147 | D:4      | Found a blossoming altar of Fedhas.
  4531 | D:4      | Noticed Natasha
  4545 | D:4      | Killed Natasha
  4689 | D:5      | Entered Level 5 of the Dungeon
  4704 | D:5      | Noticed a sky beast
  4730 | D:5      | Killed a sky beast
  4730 | D:5      | Reached XP level 7. HP: 20/36 MP: 8/20
  4808 | D:5      | Found Cagobus's Armour Shop.
  5117 | D:5      | Reached skill level 9 in Spellcasting
  5269 | D:5      | Found a staircase to the Ecumenical Temple.
  5315 | Temple   | Entered the Ecumenical Temple
  5470 | D:5      | Reached skill level 5 in Conjurations
  5492 | D:5      | Found an ornate altar of the Wu Jian Council.
  5627 | D:5      | Found a bloodstained altar of Trog.
  5738 | D:5      | Learned a level 3 spell: Mephitic Cloud
  5755 | D:5      | Found a hazy altar of Hepliaklqana.
  5853 | D:5      | Shot with an arrow by a centaur

Illustrated notes

Levels and vault maps discovered:
D:1:      wander_arrival_chamber, layout_basic, serial_forest,
          infiniplex_forest_straight_2, infiniplex_forest_lined_2,
          infiniplex_forest_clump_diagonal, infiniplex_forest_clump_double,
          infiniplex_forest_end_double, infiniplex_forest_end_3,
          infiniplex_forest_clump_cross, infiniplex_forest_side_room,
          nemelex_xobeh_ov_fountains_minmay
D:2:      layout_basic, xom_teletrap_fun
D:3:      layout_basic, kennysheep_vampire_church, old_standard_altar
D:4:      layout_basic, first_ration, fedhas_altar_2, uniq_menkaure,
          uniq_natasha, uniq_edmund
D:5:      layout_cave_pools, kennysheep_mini, overflow_temple_1_default,
          minmay_temple_entry_proselytizer, serial_shops, nicolae_shop_stone,
          trog_hazing_becter
Temple:   eino_wide_crystal_templ

Skill      XL: |  1  2  3  4  5  6  7 |
---------------+----------------------+-----
Stealth        | 3 4 5 |  5.8
Spellcasting   | 5 6 7 8 9 |  9.6
Conjurations   | 3 5 |  5.3
Dodging        | |  2.4
Summonings     | |  1.1
Translocations | |  1.1

Action                   |  1- 3 |  4- 6 |  7- 9 || total
-------------------------+-------+-------+-------++-------
Melee: Unarmed           |     9 |       |       ||     9
       Dire flail        |       |       |     6 ||     6
Throw: Boomerang         |       |     1 |     3 ||     4
 Cast: Magic Dart        |    79 |    62 |    41 ||   182
       Call Imp          |    19 |    51 |    26 ||    96
       Blink             |       |     5 |     1 ||     6
       Mephitic Cloud    |       |       |     3 ||     3
 Stab: Distracted        |       |       |     2 ||     2
  Eat: Chunk             |     5 |     5 |     5 ||    15
Armor: Robe              |    11 |     2 |     6 ||    19
Dodge: Dodged            |    30 |    11 |    11 ||    52
